 Dungeon Crawl Stone Soup version 0.24-a0-117-g53b5160 (webtiles) character file.

Game seed: 0

1827 RoseArtemis the Grappler (level 8, 0/79 HPs)
             Began as a Troll Monk on Feb 17, 2019.
             Was a Follower of Ru.
             Slain by a killer bee (3 damage)
             ... on level 6 of the Dungeon on Feb 18, 2019.
             The game lasted 00:17:37 (5010 turns).

RoseArtemis the Grappler (Troll Monk)               Turns: 5010, Time: 00:17:38

Health: 0/79       AC:  6    Str: 22    XL:     8   Next: 86%
Magic:  7/7        EV: 12    Int:  6    God:    Ru [*.....]
Gold:   51         SH:  2    Dex: 12    Spells: 7/7 levels left

rFire    + + .     SeeInvis .     - Unarmed
rCold    . . .     Gourm    +   (no shield)
rNeg     . . .     Faith    .   k - +0 robe (curse)
rPois    .         Spirit   .   (helmet restricted)
rElec    .         Reflect  +   (no cloak)
rCorr    .         Harm     .   (gloves unavailable)
MR       .....                  (boots unavailable)
Stlth    ++........             d - +2 amulet of reflection
HPRegen  0.63/turn              h - ring of protection from fire
MPRegen  0.10/turn              y - ring of protection from fire

@: lethally poisoned (0 -> -2)
A: large, unfitting armour, claws 3, fast metabolism 3, gourmand, regeneration
1, shaggy fur 1, tough skin 3, missing an eye
a: Renounce Religion


You were on level 6 of the Dungeon.
You worshipped Ru.
Ru was aware of your devotion.
You were completely stuffed.

You visited 2 branches of the dungeon, and saw 8 of its levels.

You collected 411 gold pieces.
You spent 360 gold pieces at shops.

Inventory:

Hand Weapons
 b - a +1 mace of protection
 x - the +3 executioner's axe of Nofet {chop, Int+5}
   (You bought it in a shop on level 6 of the Dungeon)

   It inflicts extra damage upon your enemies.
   It affects your intelligence (+5).
Missiles
 n - 5 needles of confusion
 o - 4 large rocks (quivered)
Armour
 k - a cursed +0 robe (worn)
Jewellery
 d - a +2 amulet of reflection (around neck)
 h - a ring of protection from fire (left claw)
 j - an uncursed amulet of guardian spirit
 y - a ring of protection from fire (right claw)
Wands
 m - a wand of flame (20)
 s - a wand of iceblast (16)
 v - a wand of random effects (23)
Scrolls
 e - a scroll of remove curse
 i - 2 scrolls of teleportation
 z - a scroll of blinking
Potions
 f - 3 potions of agility
 g - a potion of haste
 l - a potion of resistance
 p - 2 potions of berserk rage
 q - a potion of might
 r - a potion of invisibility {unknown}
 t - a potion of curing
 u - 2 potions of heal wounds
 w - 3 potions of brilliance
Comestibles
 a - 6 chunks of flesh
 c - 11 rations


   Skills:
 + Level 4.9 Fighting
 + Level 4.3 Throwing
 + Level 4.9 Dodging
 - Level 1.0 Stealth
 * Level 8.0 Unarmed Combat


You had 7 spell levels left.
You didn't know any spells.
Your spell library was empty.

Dungeon Overview and Level Annotations

Branches:
Dungeon (7/15)             Temple (1/1) D:5

Altars:
Ashenzari
Cheibriados
Dithmenos
Elyvilon
Gozag
Kikubaaqudgha
Makhleb
Nemelex Xobeh
Okawaru
Qazlal
Ru
Sif Muna
Trog
Uskayaw
Vehumet
Wu Jian
Xom
Yredelemnul
Zin
The Shining One

Shops:
D:6 (   D:7 }


Innate Abilities, Weirdness & Mutations

You are too large for most types of armour.
You have claws for hands.
Your metabolism is lightning-fast.
You like to eat raw meat.
Your natural rate of healing is unusually fast.
You are covered in fur. (AC +1)
You have extremely tough skin. (AC +3)
You are missing an eye, making it more difficult to aim.


Message History

You feel sick.
The killer bee stings you but does no damage.
There is a stone staircase leading up here.
The killer bee stings you.
* * * LOW HITPOINT WARNING * * *
You climb upwards.
You feel sick.
There is a stone staircase leading down here.
You barely miss the killer bee.
The killer bee stings you but does no damage.
The killer bee barely misses you.
You closely miss the killer bee.
You feel sick. The killer bee barely misses you.
You scratch the killer bee but do no damage.
The killer bee stings you!
* * * LOW HITPOINT WARNING * * *
You are more poisoned.
The killer bee poisons you! The killer bee closely misses you.
You claw the killer bee! Your claw misses the killer bee.
You feel sick. The killer bee stings you.
You die...

...# #....'..#.##.........#
...#####....##.#.##.........#
...##........#...##.........#
...##........##..#########'##
...##........##..........#.#
'###.........##..#######.#.#
.###....>....##..# #.#.#
.............##y.#######.#.#
######.#########@........###
# ### #.# #.#######..##8###
#.####.# #.# ##..'._⌠#
.....#.#### #.# #..'._⌠#
#.#..#.##<# #.# ####8###
#.#.##.##.# #.# #####
#......##.# #.# #.#
###.......# #.# #.# #########
#.# #.#


You could see a killer bee.

Vanquished Creatures
  Sigmund (D:3)
  An ice beast (D:6)
  2 orc warriors
  A sky beast (D:6)
  An ogre (D:7)
  A centaur (D:7)
  5 scorpions
  A killer bee (D:7)
  A crimson imp (D:6)
  A bullfrog zombie (D:7)
  5 orc priests
  4 hounds
  2 iguanas
  Ijyb (D:3)
  Natasha (thrice) (D:3)
  3 orc wizards
  2 worker ants (D:4)
  2 hound zombies (D:5)
  3 gnolls (D:3)
  10 adders
  2 worms (D:3)
  A dart slug (D:1)
  4 leopard geckos
  9 orcs
  13 bats
  6 giant cockroaches
  8 goblins
  6 hobgoblins
  6 jackals
  8 kobolds
  4 quokkas
  3 ball pythons
  2 frilled lizards
  A leopard gecko skeleton (D:5)
  2 rats
125 creatures vanquished.

Vanquished Creatures (others)
  2 fungi (D:4)
2 creatures vanquished.

Grand Total: 127 creatures vanquished

Notes
Turn   | Place    | Note
-------+----------+-------------------------------------------
     0 | D:1      | RoseArtemis the Troll Monk began the quest for the Orb.
     0 | D:1      | Reached XP level 1. HP: 22/22 MP: 0/0
   245 | D:1      | Reached XP level 2. HP: 28/29 MP: 1/1
   651 | D:2      | Found a glowing silver altar of Zin.
   808 | D:2      | Reached XP level 3. HP: 36/36 MP: 2/2
   900 | D:2      | Reached skill level 4 in Unarmed Combat
   900 | D:2      | Reached XP level 4. HP: 31/44 MP: 3/3
  1091 | D:2      | Reached skill level 1 in Throwing
  1460 | D:3      | Noticed Ijyb
  1468 | D:3      | Killed Ijyb
  1468 | D:3      | Reached XP level 5. HP: 53/53 MP: 4/4
  1567 | D:3      | Found a faded altar of an unknown god.
  1573 | D:3      | Noticed Natasha
  1582 | D:3      | Killed Natasha
  1842 | D:3      | Noticed Sigmund
  1856 | D:3      | Killed Sigmund
  1856 | D:3      | Reached skill level 5 in Unarmed Combat
  1856 | D:3      | Reached XP level 6. HP: 49/61 MP: 5/5
  1931 | D:3      | Noticed Natasha
  1936 | D:3      | Killed Natasha
  2039 | D:3      | Noticed Natasha
  2046 | D:3      | Killed Natasha
  2125 | D:4      | Reached XP level 7. HP: 38/67 MP: 6/6
  2333 | D:4      | Reached skill level 6 in Unarmed Combat
  2719 | D:4      | Found a shadowy altar of Dithmenos.
  3046 | D:5      | Entered Level 5 of the Dungeon
  3069 | D:5      | Found an ornate altar of the Wu Jian Council.
  3242 | D:5      | Found a staircase to the Ecumenical Temple.
  3260 | D:5      | Reached XP level 8. HP: 78/78 MP: 7/7
  3274 | Temple   | Entered the Ecumenical Temple
  3413 | Temple   | Became a worshipper of Ru the Awakened
  3434 | Temple   | Gained mutation: You are missing an eye, making it more
                  | difficult to aim. [Ru sacrifice]
  3434 | Temple   | Reached * piety under Ru
  3959 | D:4      | Found a bloodstained altar of Trog.
  3969 | D:4      | Upgraded the game from 0.24-a0-115-gd155597 to
                  | 0.24-a0-117-g53b5160
  4003 | D:6      | Reached skill level 7 in Unarmed Combat
  4431 | D:6      | Found Omaoxus's Antique Weapon Shop.
  4468 | D:6      | Bought a jewelled executioner's axe for 360 gold pieces
  4468 | D:6      | Identified the +3 executioner's axe of Nofet {chop, Int+5}
                  | (You bought it in a shop on level 6 of the Dungeon)
  4751 | D:6      | Found a radiant altar of Vehumet.
  4751 | D:6      | Found an opulent altar of Gozag.
  4869 | D:7      | Found Gith's Gadget Emporium.
  4983 | D:7      | Reached skill level 8 in Unarmed Combat
  5009 | D:6      | HP: 3/79 [killer bee (7)]
  5010 | D:6      | Slain by a killer bee

Levels and vault maps discovered:
D:1:      dpeg_arrival_erosion, layout_loops_ring
D:2:      layout_basic, zin_scriptorium
D:3:      layout_loops_ring, first_ration,
          chequers_ecumenical_altar_simple_redux, uniq_natasha, uniq_sigmund,
          uniq_ijyb
D:4:      old_forge, layout_layer_cave, nicolae_overflow_hidden_temple
D:5:      layout_gridville, minmay_temple_entry_waves, basic_altar
D:6:      layout_basic, gammafunk_temple_overflow_wave, serial_shops, shop
D:7:      layout_rooms, lemuel_crystal_altar, serial_shops, shop_fountains,
          kennysheep_mini, serial_glass, glass_columns_b, glass_columns_c
Temple:   regret_index_temple_waves

Skill      XL: |  1  2  3  4  5  6  7  8 |
---------------+-------------------------+-----
Unarmed Combat | 4 5 6 8 |  8.0
Throwing       | 1 2 3 4 |  4.3
Fighting       | 3 4 |  4.9
Dodging        | 3 4 |  4.9
Stealth        | |  1.0

Action                   |  1- 3 |  4- 6 |  7- 9 || total
-------------------------+-------+-------+-------++-------
Melee: Unarmed           |    69 |   120 |   192 ||   381
       Punch             |     1 |       |     6 ||     7
Throw: Large rock        |       |       |     1 ||     1
Invok: Sacrifice an Eye  |       |       |     1 ||     1
  Use: Scroll            |     4 |     4 |     9 ||    17
       Potion            |       |       |     1 ||     1
 Stab: Sleeping          |     4 |     1 |     2 ||     7
  Eat: Chunk             |    14 |    11 |    26 ||    51
Armor: Robe              |    31 |    34 |    88 ||   153
Dodge: Dodged            |    32 |    73 |   115 ||   220
Block: Other             |     5 |     5 |    14 ||    24
       Reflection        |     1 |       |       ||     1

Table legend:
 A = Non-vault XP
 B = Vault XP
 C = Vault XP percentage of total XP
 D = Non-vault monster count
 E = Vault monster count
 F = Vault count percentage of total count
                 A         B        C        D         E       F
            +---------+---------+-------+---------+---------+-------
      Total |    2135 |     476 |  18.2 |     112 |      13 |  10.4
            +---------+---------+-------+---------+---------+-------
        D:1 |      26 |       0 |   0.0 |      14 |       0 |   0.0
        D:2 |     131 |       0 |   0.0 |      19 |       0 |   0.0
        D:3 |     185 |     291 |  61.1 |      30 |       3 |   9.1
        D:4 |     552 |     185 |  25.1 |      19 |      10 |  34.5
        D:5 |     134 |       0 |   0.0 |      11 |       0 |   0.0
        D:6 |     658 |       0 |   0.0 |      12 |       0 |   0.0
        D:7 |     449 |       0 |   0.0 |       7 |       0 |   0.0
            +---------+---------+-------+---------+---------+-------
